AoeStats
← TheStupidBotOfc

Fortress

509605756Analyzed
4v4 RM · 6d ago on Sep 27, 2026· 51m 27s· 8 players
Game mode
Random Map
Map size
Huge
Population
200
Speed
Normal
Resources
Standard
Victory
Conquest
Starting age
Dark Age
Ending age
Imperial Age
RankedLock teamsTeams togetherTeam positionsShared explorationLock speedFull tech treeHidden civsTurbo modeCheats
Victory
Defeat
🇮🇳 Danes · India
1114
+13
🇨🇳 Huns · China
1079
+14
🇨🇳 Burgundians · China
1048
+16
🇭🇰 Magyars · Hong Kong SAR China
1017
+17
🇫🇷 Byzantines · France
1098
-17
🇩🇪 Japanese · Germany
1088
-17
🇫🇷 Bohemians · France
993
-13
🇫🇷 Mongols · France
992
-13
TheStupidBotOfc
0:31 Loom
7:54 Feudal Age
8:36 Horse Collar
8:43 Double-Bit Axe
12:08 Castle Age
11:01 Double-Bit Axe
11:18 Arson
13:05 Bow Saw
18:54 Fletching
19:23 Forging
19:53 Elite Skirmisher
22:24 Wheelbarrow
22:26 Bodkin Arrow
27:01 Pikeman
27:44 Squires
27:29 Gambesons
31:36 Imperial Age
31:06 Heavy Plow
32:22 Scale Mail Armor
32:59 Iron Casting
32:33 Elite Varangian Guard
34:31 Chain Mail Armor
36:28 Conscription
39:29 Hand Cart
38:59 Town Watch
44:41 Coinage
44:01 Hamask
46:02 Banking
49:51 Spies/Treason
fyerlang
8:09 Feudal Age
7:31 Double-Bit Axe
7:33 Horse Collar
10:03 Loom
13:13 Castle Age
11:32 Bow Saw
11:26 Heavy Plow
15:18 Two-Man Saw
15:38 Crop Rotation
17:14 Wheelbarrow
19:35 Hand Cart
22:35 Gold Mining
27:09 Imperial Age
26:19 Gold Shaft Mining
25:36 Cavalier
27:02 Husbandry
27:18 Scale Barding Armor
27:24 Forging
27:34 Paladin
28:54 Conscription
29:33 Chain Barding Armor
29:49 Iron Casting
31:41 Chemistry
30:33 Fletching
31:21 Plate Barding Armor
37:10 Blast Furnace
36:01 Fletching
36:17 Caravan
38:30 Bodkin Arrow
39:19 Burgundian Vineyards
40:13 Bracer
40:37 Light Cavalry
41:29 Scale Mail Armor
41:31 Padded Archer Armor
42:11 Hoardings
41:34 Murder Holes
42:00 Ballistics
50:17 Hussar
rush then rush
0:41 Loom
6:35 Feudal Age
8:02 Wheelbarrow
7:13 Double-Bit Axe
7:10 Horse Collar
15:03 Castle Age
14:27 Gold Mining
15:03 Bloodlines
16:33 Corvinian Army
16:50 Heavy Plow
20:06 Scale Barding Armor
21:51 Chain Barding Armor
22:18 Bow Saw
23:04 Pikeman
26:14 Gold Shaft Mining
26:09 Scale Mail Armor
27:39 Husbandry
34:40 Imperial Age
32:30 Hand Cart
34:37 Fletching
34:47 Padded Archer Armor
35:09 Chain Mail Armor
34:53 Halberdier
36:12 Plate Barding Armor
35:32 Bodkin Arrow
35:02 Heavy Cavalry Archer
36:08 Parthian Tactics
36:05 Town Watch
36:54 Crop Rotation
37:27 Two-Man Saw
36:48 Leather Archer Armor
36:59 Conscription
36:46 Elite Magyar Huszar
38:44 Recurve Bow
38:28 Capped Ram
40:05 Bracer
40:35 Ring Archer Armor
40:15 Stone Mining
41:02 Ring Archer Armor
50:35 Spies/Treason
嬴政1号
7:08 Feudal Age
12:53 Castle Age
11:45 Double-Bit Axe
13:56 Horse Collar
16:46 Wheelbarrow
18:05 Heavy Plow
20:48 Bow Saw
21:31 Hand Cart
25:03 Marauders
28:24 Imperial Age
25:40 Loom
26:04 Scale Barding Armor
26:10 Forging
26:13 Gold Mining
26:13 Stone Mining
28:24 Chain Barding Armor
28:40 Iron Casting
29:21 Husbandry
29:34 Bloodlines
30:08 Plate Barding Armor
28:57 Elite Tarkan
32:08 Gold Shaft Mining
33:24 Blast Furnace
39:33 Caravan
41:35 Guilds
Kim jong-un
7:46 Feudal Age
9:14 Loom
11:44 Castle Age
9:39 Double-Bit Axe
10:19 Horse Collar
10:33 Gold Mining
12:48 Bow Saw
14:51 Husbandry
20:17 Scale Barding Armor
21:24 Wheelbarrow
21:40 Stone Mining
23:41 Heavy Plow
27:13 Imperial Age
26:40 Chain Barding Armor
26:31 Forging
27:19 Heavy Camel Rider
28:41 Gold Shaft Mining
28:42 Stone Shaft Mining
30:56 Hand Cart
32:44 Conscription
33:15 Plate Barding Armor
33:56 Iron Casting
35:29 Chemistry
41:22 Greek Fire
42:06 Crop Rotation
44:27 Ballistics
45:30 Bombard Tower
47:26 Light Cavalry
PUR Vortex
7:36 Feudal Age
5:55 Loom
7:41 Feudal Age
11:42 Castle Age
10:47 Double-Bit Axe
10:49 Horse Collar
18:42 Wheelbarrow
22:13 Chemistry
28:57 Imperial Age
26:42 Fortified Wall
27:17 Scale Mail Armor
28:34 Hand Cart
29:09 Wagenburg Tactics
29:08 Elite Hussite Wagon
29:22 Pikeman
31:31 Town Watch
33:16 Masonry
33:14 Siege Engineers
34:15 Halberdier
36:06 Conscription
36:12 Chain Mail Armor
36:08 Forging
36:05 Squires
38:00 Masonry
39:25 Plate Mail Armor
39:30 Iron Casting
45:41 Blast Furnace
45:40 Architecture
45:42 Town Patrol
Der Wieland
7:34 Feudal Age
9:40 Loom
11:55 Castle Age
9:52 Horse Collar
13:05 Heavy Plow
12:54 Double-Bit Axe
20:50 Wheelbarrow
20:40 Bow Saw
28:28 Imperial Age
26:42 Thumb Ring
26:19 Elite Skirmisher
27:05 Scale Mail Armor
27:16 Forging
28:59 Elite Samurai
29:59 Conscription
30:40 Chain Mail Armor
31:00 Iron Casting
30:16 Fletching
30:27 Padded Archer Armor
32:28 Plate Mail Armor
32:28 Pikeman
33:19 Squires
33:05 Arson
Siller
9:13 Feudal Age
13:26 Castle Age
16:02 Double-Bit Axe
16:11 Gold Mining
21:56 Fletching
22:07 Padded Archer Armor
27:08 Bodkin Arrow
28:47 Wheelbarrow
28:01 Loom
30:14 Horse Collar
31:42 Ballistics
31:40 Leather Archer Armor
32:00 Thumb Ring
34:46 Imperial Age
33:17 Bloodlines
33:12 Husbandry
36:01 Elite Mangudai
37:11 Parthian Tactics
Connection lost

Rejoining the realm…

Still unreachable

The connection could not be restored.

Session expired

The server has moved on; the page needs a fresh start.